 Dungeon Crawl Stone Soup version 0.21.1-1-g345015f (webtiles) character file.

303 Monsterracer the Ruffian (level 6, -1/51 HPs)
             Began as a Naga Arcane Marksman on Feb 13, 2018.
             Slain by a big kobold
             ... wielding a +0 club
              (5 damage)
             ... on level 3 of the Dungeon.
             The game lasted 00:13:00 (4881 turns).

Monsterracer the Ruffian (Naga Arcane Marksman)     Turns: 4881, Time: 00:13:01

Health: -1/51      AC:  3    Str: 12    XL:     6   Next: 38%
Magic:  7/7        EV: 10    Int: 16    God:
Gold:   124        SH:  0    Dex: 11    Spells: 3/7 levels left

rFire    . . .     SeeInvis +     - Unarmed
rCold    . . .     Gourm    .   (no shield)
rNeg     . . .     Faith    .   a - +0 robe
rPois    +         Spirit   .   (no helmet)
rElec    .         Reflect  .   (no cloak)
rCorr    .         Harm     .   (no gloves)
MR       .....                  (no barding)
Stlth    ++........             (no amulet)
HPRegen  0.17/turn              (no ring)
MPRegen  0.10/turn              (no ring)

@: very slow
A: large, see invisible, deformed body, poison resistance, slowness 2, slow
metabolism 1, spit poison 1, AC +2
a: Spit Poison


You were on level 3 of the Dungeon.
You were not hungry.

You visited 1 branch of the dungeon, and saw 3 of its levels.

You collected 124 gold pieces.

Inventory:

Missiles
 d - 3 throwing nets
 f - 13 javelins (quivered)
Armour
 a - a +0 robe (worn)
 k - a +0 buckler
Wands
 b - a wand of polymorph (16)
Scrolls
 h - a scroll of amnesia {unknown}
 i - a scroll of teleportation {unknown}
 m - 3 scrolls of remove curse {unknown}
 o - a scroll of fog {unknown}
 p - a scroll of identify {unknown}
 q - a scroll of fear {unknown}
 r - a scroll of immolation {unknown}
 s - 2 scrolls of enchant armour {unknown}
Potions
 e - 3 potions of flight
 g - a potion of heal wounds {unknown}
 j - a potion of agility {unknown}
 l - 2 potions of lignification
 n - a potion of resistance {unknown}
 t - a potion of curing {unknown}
Comestibles
 c - 7 rations


   Skills:
 + Level 1.6 Fighting
 - Level 1.7 Throwing
 - Level 1.5 Dodging
 + Level 2.0 Stealth
 + Level 0.8 Shields
 * Level 5.5 Unarmed Combat
 - Level 1.0 Spellcasting
 - Level 3.0 Hexes


You had 3 spell levels left.
You knew the following spells:

 Your Spells              Type           Power        Failure   Level  Hunger
a - Corona                Hex            ##.....      7%          1    ##.....
c - Portal Projectile     Hex/Tloc       #.....       36%         3    ####...


Dungeon Overview and Level Annotations

Branches:
Dungeon (3/15)

Altars:
Fedhas
Makhleb
Trog


Innate Abilities, Weirdness & Mutations

You cannot wear boots.
Your serpentine skin is tough. (AC +2)
You have supernaturally acute eyesight. (SInv)
Armour fits poorly on your strangely shaped body.
Your system is resistant to poisons. (rPois)
You cover ground very slowly.
You have a slow metabolism.
You can spit poison.


Message History

The big kobold picks up some gold. x3
The big kobold shouts!
Found 54 gold pieces.
There are monsters nearby!
You completely miss the hobgoblin.
The big kobold shouts! x2
The hobgoblin closely misses you.
You punch the hobgoblin!
You kill the hobgoblin!
You hit the gnoll.
The gnoll is heavily wounded.
The gnoll closely misses you.
Press: ? - help, Shift-Dir - straight line, f - gnoll
Aim: a gnoll, wielding a whip (heavily wounded)
The splash of poison misses the gnoll.
The splash of poison hits the big kobold.
The big kobold appears unharmed.
You feel slightly more hungry. The gnoll barely misses you.
You hit the gnoll.
The gnoll is almost dead.
You hit the gnoll but do no damage.
The gnoll is almost dead.
The gnoll barely misses you.
You hit the gnoll.
You kill the gnoll!
You closely miss the big kobold.
You hit the big kobold but do no damage.
The big kobold hits you but does no damage.
The big kobold hits you with a short sword.
You take 2 damage, and have 49/51 hp.
You closely miss the big kobold.
You have got your breath back.
The big kobold hits you but does no damage. x2
Press: ? - help, Shift-Dir - straight line, f - big kobold
Aim: a big kobold, wielding a short sword The splash of poison misses the big kobold.
The splash of poison hits the gnoll.
The gnoll is poisoned.
The gnoll is severely wounded.
You feel slightly more hungry.
The big kobold hits you with a short sword!
The big kobold closely misses you.
You take 7 damage, and have 42/51 hp.
You completely miss the big kobold. The big kobold barely misses you. x2
You punch the big kobold!
The big kobold is moderately wounded.
The big kobold hits you with a short sword.
You take 3 damage, and have 39/51 hp.
You hit the big kobold but do no damage.
The big kobold is moderately wounded.
The big kobold hits you with a club. The big kobold barely misses you.
You take 4 damage, and have 35/51 hp.
You hit the big kobold. Your punch misses the big kobold.
The big kobold is moderately wounded.
The big kobold barely misses you.
The big kobold hits you but does no damage.
You hit the big kobold.
The big kobold is heavily wounded.
The big kobold hits you with a club. The big kobold closely misses you.
You take 3 damage, and have 32/51 hp.
You barely miss the big kobold.
The big kobold is heavily wounded.
You have got your breath back.
You kill the gnoll!
Your Stealth skill increases to level 2!
The big kobold hits you but does no damage.
Press: ? - help, Shift-Dir - straight line, f/p - big kobold
Aim: a big kobold, wielding a short sword The splash of poison hits the big kobold.
The big kobold is poisoned.
The big kobold is lightly wounded.
You feel slightly more hungry.
The big kobold hits you with a short sword.
The big kobold barely misses you.
You take 1 damage, and have 31/51 hp.
You closely miss the big kobold.
The big kobold is heavily wounded.
The big kobold hits you with a short sword.
* * * LOW HITPOINT WARNING * * *
You take 6 damage, and have 25/51 hp.
You hit the big kobold.
The big kobold is severely wounded.
The big kobold hits you with a club.
* * * LOW HITPOINT WARNING * * *
The big kobold closely misses you.
You take 5 damage, and have 20/51 hp.
Unknown command.
You closely miss the big kobold.
The big kobold is severely wounded.
The big kobold hits you with a club!
* * * LOW HITPOINT WARNING * * *
The big kobold hits you with a short sword.
* * * LOW HITPOINT WARNING * * *
You take 9 damage, and have 11/51 hp.
You hit the big kobold.
The big kobold is almost dead.
You have got your breath back.
The big kobold hits you with a short sword!
* * * LOW HITPOINT WARNING * * *
The big kobold hits you with a club.
You die...

##### #...######## ####
#...#......## ##...
#...#.......###....
##)##........#.(...
#)..........#.....
#..........('...(.
#@K.......(.#.....
#K##.....(..#.....
gKK#.......###....
#≈≈≈≈≈≈≈#$g$#......## ##...
#≈≈≈≈≈≈≈#.$$###############
#≈≈≈≈≈≈≈#####≈≈≈≈≈≈≈≈≈≈≈≈≈≈
#≈≈≈≈≈≈≈≈≈≈≈≈≈≈≈≈≈≈≈≈≈≈≈≈≈≈
#≈≈≈≈≈≈≈≈≈≈≈≈≈≈≈≈≈≈≈≈≈≈≈≈≈≈
#.≈.≈≈≈≈≈≈.≈≈.≈≈≈.≈≈≈≈.≈≈..


You could see 4 big kobolds and 2 hobgoblins.

Vanquished Creatures
  A big kobold (D:3)
  A hound (D:3)
  An orc priest (D:3)
  Robin (D:3)
  2 adders
  3 gnolls
  2 oozes
  2 worms
  2 dart slugs
  4 orcs
  2 ball pythons
  2 giant cockroaches
  16 goblins
  10 hobgoblins
  2 quokkas
  9 bats
  7 frilled lizards
  29 kobolds
  5 rats
101 creatures vanquished.

Notes
Turn   | Place    | Note
-------+----------+-------------------------------------------
     0 | D:1      | Monsterracer the Naga Arcane Marksman began the quest for the Orb.
     0 | D:1      | Reached XP level 1. HP: 18/18 MP: 2/2
   172 | D:1      | Reached skill level 1 in Unarmed Combat
   440 | D:1      | HP: 9/18 [bat (1)]
   610 | D:1      | Reached XP level 2. HP: 25/25 MP: 3/3
   773 | D:1      | Reached skill level 2 in Unarmed Combat
  1018 | D:1      | Reached XP level 3. HP: 31/31 MP: 4/4
  1081 | D:1      | Learned a level 3 spell: Portal Projectile
  1418 | D:1      | Reached skill level 3 in Unarmed Combat
  1862 | D:2      | Reached XP level 4. HP: 37/38 MP: 5/5
  2521 | D:2      | Found a blossoming altar of Fedhas.
  2798 | D:2      | Found a bloodstained altar of Trog.
  2814 | D:2      | HP: 18/38 [kobold (2)]
  2822 | D:2      | HP: 14/38 [kobold (3)]
  3143 | D:3      | Reached skill level 4 in Unarmed Combat
  3150 | D:3      | HP: 17/38 [orc (4)]
  3351 | D:3      | Reached XP level 5. HP: 34/44 MP: 4/6
  3459 | D:3      | Noticed Robin
  3462 | D:3      | HP: 20/44 [goblin/stone[Robin] (6)]
  3467 | D:3      | HP: 10/44 [goblin/club[Robin] (5)]
  3474 | D:3      | HP: 15/66 [hound (1)]
  3483 | D:3      | Killed Robin
  3483 | D:3      | Reached skill level 5 in Unarmed Combat
  3767 | D:3      | Found a burning altar of Makhleb.
  4532 | D:3      | Noticed a big kobold
  4540 | D:3      | HP: 19/44 [big kobold/club (7)]
  4542 | D:3      | Killed a big kobold
  4542 | D:3      | Reached skill level 1 in Stealth
  4542 | D:3      | Reached XP level 6. HP: 20/51 MP: 7/7
  4878 | D:3      | HP: 25/51 [big kobold/short sword (6)]
  4880 | D:3      | HP: 11/51 [big kobold/short sword (2)]
  4881 | D:3      | HP: 4/51 [big kobold/short sword (7)]
  4881 | D:3      | Slain by a big kobold

Skill      XL: |  1  2  3  4  5  6 |
---------------+-------------------+-----
Unarmed Combat | 1 2 3 4 5 |  5.5
Stealth        | 1 2 |  2.0
Fighting       | |  1.6
Throwing       | |  1.7
Dodging        | |  1.5
Shields        | |  0.8
Spellcasting   | |  1.0
Hexes          | |  3.0

Action                   |  1- 3 |  4- 6 || total
-------------------------+-------+-------++-------
Melee: Unarmed           |   122 |   190 ||   312
       Punch             |       |     3 ||     3
 Cast: Corona            |     5 |     1 ||     6
 Abil: Spit Poison       |    22 |    25 ||    47
  Use: Potion            |       |     2 ||     2
  Eat: Chunk             |     3 |     7 ||    10
       Ration            |       |     1 ||     1
Armor: Robe              |    23 |    43 ||    66
       Skin              |       |    17 ||    17
Dodge: Dodged            |   107 |   125 ||   232

Vault maps used:
D:1:      roderic_crossed_star
D:2:      lemuel_crystal_altar, first_ration, trog_hazing_becter
D:3:      minmay_goblin_kobold_castle, makhleb_blood_cavern_becter, uniq_robin
